 Dungeon Crawl Stone Soup version 0.31.0-11-ge490571c62 (webtiles) character file.

Game seed: 5206563271181876993

9 RancidPinata the Sneak (level 2, -1/21 HPs)
             Began as an Octopode Delver on Feb 9, 2024.
             Splashed by a jelly's acid (9 damage)
             ... on level 5 of the Dungeon.
             The game lasted 00:03:01 (349 turns).

RancidPinata the Sneak (Octopode Delver)             Turns: 349, Time: 00:03:01

Health: -1/21      AC: -3    Str: 11    XL:     2   Next: 12%
Magic:  2/2        EV: 13    Int: 12    God:
Gold:   0          SH:  0    Dex: 13    Spells: 1/1 levels left

rFire   . . .        a - +0 short sword
rCold   . . .        (no shield)
rNeg    . . .        (helmet restricted)
rPois   .            (no amulet)
rElec   .            h - +4 ring of slaying
rCorr   .            (no ring)
SInv    .            (no ring)
Will    .....        (no ring)
Stlth   ++++         (no ring)
HPRegen 0.23/turn    (no ring)
MPRegen 0.08/turn    (no ring)
                     (no ring)

%: no passive effects
@: corroded
A: almost no armour, amphibious, 8 rings, camouflage 1, gelatinous body 1,
(nimble swimmer 1), tentacles
a: no special abilities


You were on level 5 of the Dungeon.
You visited 2 branches of the dungeon, and saw 3 of its levels.

Inventory:

Hand Weapons
 a - a +0 short sword (weapon)
Jewellery
 h - a +4 ring of slaying (left tentacle)
Wands
 f - a wand of digging (3)
Scrolls
 b - a scroll of fog
 c - a scroll of revelation
 d - a scroll of fear
 i - a scroll of vulnerability {unknown}
Potions
 e - a potion of haste
 g - a potion of ambrosia {unknown}


   Skills:
 + Level 3.1 Fighting
 + Level 2.2 Short Blades
 + Level 2.2 Dodging
 + Level 6.7 Stealth


You had one spell level left.
You didn't know any spells.
Your spell library was empty.

Dungeon Overview and Level Annotations

Branches:
Dungeon (5/15)             Temple (1/1) D:4

Altars:
Ashenzari
Cheibriados
Fedhas
Hepliaklqana
Kikubaaqudgha
Makhleb
Nemelex Xobeh
Okawaru
Qazlal
Trog
Vehumet
Wu Jian
Yredelemnul
Zin

Portals:
Sewer: D:5

Annotations:
D:5 3 runed translucent doors, Consumeair16's ghost, novice GnWn; MadMike78's ghost, novice DjFE; Minsecho's ghost, novice OpAl; immersed's ghost, amateur OpSh; middlethird's ghost, novice VSSh


Innate Abilities, Weirdness & Mutations

You cannot wear most types of armour.
You are amphibious.
You can wear up to eight rings at the same time.
Your skin changes colour to match your surroundings (Stealth+).
Your rubbery body absorbs attacks. (AC +1, EV +1)
((You are camouflaged when in or above water. (Stealth+)))
You have tentacles for arms and can constrict up to eight enemies at once.


Message History

You climb downwards.
Welcome to the Ecumenical Temple!
Found a staircase back to the Dungeon.
There is a staircase back to the Dungeon here.
You climb upwards.
There is a staircase to the Ecumenical Temple here.
Found a stone staircase leading up.
An orc comes into view. It is wielding a +0 short sword.
There is a stone staircase leading down here.
You climb downwards.
You hear the sound of rushing water.
There is an entrance to a sewer on this level.
Hurry and find it before the portal rusts away!
Level annotation: 3 runed translucent doors, Consumeair16's ghost, novice GnWn; MadMike78's ghost, novice DjFE; Minsecho's ghost, novice OpAl; immersed's ghost, amateur OpSh; middlethird's ghost, novice VSSh You hear the slow rusting of a distant drain.
There is a stone staircase leading up here.
Okay, then.
You see here a jackal skeleton.
Found a spear.
Found an ornate altar of the Wu Jian Council.
Found 9 stones.
Found 6 stones.
There is an ornate altar of the Wu Jian Council here.
You hear the rusting of a very distant drain.
You see here a ball python corpse.
Found a glowing drain.
A giant cockroach comes into view.
A ball python comes into view.
Found 6 poisoned darts.
The jelly attacks as it pursues you! The jelly closely misses you.
The giant cockroach closely misses you.
The ball python hisses angrily.
The giant cockroach attacks as it pursues you!
The giant cockroach bites you.
You hit the giant cockroach.
You kill the giant cockroach!
The jelly hits you. The acid corrodes you!
You are splashed with acid.
The ball python bites you. The ball python grabs you.
The ball python constricts you.
You escape the ball python's grasp.
The jelly attacks as it pursues you! The jelly hits you.
You are splashed with acid!
You die...

.. ##.######
......... ..
........# #.#
........####...##
......(.#.......#
.........@#~..#.
........JS~~~~~..
........#~~~~~~~#..#
........~~~~~~~~....
#........~~~∩~~~...#
#######..~~~~~~~...#
#.#~~~~~~~#..#
#...~~~~~$...##
##..#..~#....$#


You could see a jelly and a ball python.

Vanquished Creatures
  A giant cockroach (D:5)
  4 jackals (D:5)
  A kobold (D:4)
  A ball python (D:5)
7 creatures vanquished.

Notes
Turn   | Place    | Note
-------+----------+-------------------------------------------
     0 | D:5      | RancidPinata the Octopode Delver began the quest for the
                  | Orb.
     0 | D:5      | Reached XP level 1. HP: 16/16 MP: 1/1
    81 | D:5      | Found a runed translucent gate.
    81 | D:5      | Found a runed translucent gate.
    96 | D:5      | Found a runed translucent gate.
    98 | D:5      | Noticed immersed's ghost (amateur OpSh)
    98 | D:5      | Noticed middlethird's ghost (novice VSSh)
    98 | D:5      | Noticed Consumeair16's ghost (novice GnWn)
    98 | D:5      | Noticed MadMike78's ghost (novice DjFE)
   114 | D:5      | Noticed Minsecho's ghost (novice OpAl)
   132 | D:5      | Noticed a jelly
   176 | D:4      | Reached XP level 2. HP: 21/21 MP: 2/2
   181 | D:4      | Identified the +1 robe of Tomorrow {rF+ rC+ Int-4}
   209 | D:4      | Found a staircase to the Ecumenical Temple.
   214 | Temple   | Entered the Ecumenical Temple
   287 | D:5      | Found an ornate altar of the Wu Jian Council.
   330 | D:5      | Found a glowing drain.
   349 | D:5      | Splashed by a jelly's acid

Illustrated notes

Levels and vault maps discovered:
D:4:      layout_rooms, minmay_temple_entry_crystal_x, minmay_fountain_box
D:5:      layout_basic, nzn_wu_jian_contemplation, gammafunk_ghost_cemetery,
          cheibrodos_sewer_entry_drain, uniq_eustachio
Temple:   hellmonk_temple_forest_ring

Action                     || total
---------------------------++-------
  Melee: Short sword       ||    18
         Constrict         ||     5
         Tentacles         ||     1
   Stab: Sleeping          ||     1
 Armour: Skin              ||    11
  Dodge: Dodged            ||    11
